 Dungeon Crawl Stone Soup version 0.19.0-20-gbc5f0c6 (webtiles) character file.

42329 Lochraine the Orcish Catastrophe (level 14, 0/118 HPs)
             Began as a Hill Orc Fighter on Nov 16, 2016.
             Was an Elder of Qazlal.
             Killed by mirror damage (6 damage)
             ... on level 11 of the Dungeon.
             The game lasted 00:57:10 (21163 turns).

Lochraine the Orcish Catastrophe (HOFi)            Turns: 21163, Time: 00:57:11

Health: 0/118      AC: 18    Str: 22    XL:     14   Next: 19%
Magic:  26/27      EV: 12    Int:  8    God:    Qazlal [****..]
Gold:   1029       SH:  5    Dex: 17    Spells: 0 memorised, 13 levels left

rFire  + . .     SeeInvis .     M - +4 battleaxe (freeze)
rCold  . . .     Gourm    .     v - +0 plate armour
rNeg   . . .     Faith    .     (shield currently unavailable)
rPois  .         Spirit   .     F - +0 helmet
rElec  .         Reflect  .     t - +1 cloak
rCorr  .         Harm     .     (no gloves)
MR     +....                    (no boots)
Stlth  ..........               (no amulet)
                                (no ring)
                                z - ring of protection from fire

@: agile, slowed, repel missiles, very slow
A: no striking features
a: Upheaval, Elemental Force, Renounce Religion


You were on level 11 of the Dungeon.
You worshipped Qazlal.
Qazlal was greatly pleased with you.
You were very hungry.

You visited 3 branches of the dungeon, and saw 18 of its levels.
You also visited: Ossuary.

You collected 1029 gold pieces.

Inventory:

Hand Weapons
 x - a +4 short sword
 A - the +4 Vampire's Tooth {vamp}
   (You found it on level 5 of the Dungeon)

   It inflicts no extra harm, but heals its wielder when it wounds a living foe.
 D - the +2 quick blade "Imp's Foe" {antimagic, *Rage +Blink rN++ Str+4}
   (You acquired it on level 4 of the Lair of Beasts)

   It reduces the magical energy of the wielder, and disrupts the spells and
   magical abilities of those hit.
   Natural abilities and divine invocations are not affected.
   It affects your strength (+4).
   It greatly protects you from negative energy.
   It lets you blink.
   It may make you go berserk in combat.
 I - a +0 short sword of holy wrath
 J - a +2 war axe of freezing
 K - a +4 executioner's axe of chopping
 M - a +4 battleaxe of freezing (weapon)
Missiles
 p - 7 curare-tipped needles
Armour
 b - a +0 scale mail
 c - a +0 shield
 n - a +1 leather armour of cold resistance
 t - a +1 cloak (worn)
 v - a +0 plate armour (worn)
 F - a +0 helmet (worn)
Jewellery
 a - an uncursed ring of ice {unknown}
 z - a ring of protection from fire (left hand)
Wands
 o - a wand of confusion (21/48)
 y - a wand of flame (22/48)
 L - a wand of flame (40/48)
 N - a wand of hasting (0/9)
 Q - a wand of lightning (0/15)
 S - a wand of polymorph (12/24)
 W - a wand of random effects (30/48)
Scrolls
 d - 2 scrolls of immolation
 e - 11 scrolls of remove curse
 l - 10 scrolls of teleportation
 m - 6 scrolls of recharging
 q - 3 scrolls of blinking
 s - 3 scrolls of identify
 C - 2 scrolls of enchant weapon
 G - 4 scrolls of magic mapping
 O - 4 scrolls of amnesia
Potions
 g - a potion of cure mutation
 i - 6 potions of flight
 r - 3 potions of brilliance
 B - 3 potions of might
 E - 4 potions of agility
 H - a potion of haste
 P - a potion of ambrosia
 U - a potion of lignification {unknown}
 V - 2 potions of resistance
 X - 2 potions of berserk rage
Books
 k - a book of the Sky

   Spells                             Type                      Level
   a - Summon Lightning Spire         Summoning/Air                4
   b - Airstrike                      Air                          4
   c - Silence                        Hexes/Air                    5
   d - Deflect Missiles               Charms/Air                   6
   e - Conjure Ball Lightning         Conjuration/Air              6
   f - Tornado                        Air                          9
Comestibles
 f - 3 bread rations
 h - 3 fruits
 j - 6 beef jerkies
 w - a slice of pizza
 T - 3 meat rations


   Skills:
 - Level 9.3 Fighting
 - Level 9.7 Short Blades
 * Level 15.8 Axes
 - Level 9.2 Armour
 + Level 0.4 Dodging
 - Level 4.3 Shields
 + Level 18.0 Invocations


You had 13 spell levels left.
You didn't know any spells.

Dungeon Overview and Level Annotations

Branches:
Dungeon (11/15)            Temple (1/1) D:4            Lair (6/6) D:9
 Shoals (0/4) Lair:3       Spider (0/4) Lair:2        Slime (0/5) Lair:5
    Orc: D:9-12

Altars:
Ashenzari
Cheibriados
Dithmenos
Elyvilon
Fedhas
Gozag
Hepliaklqana
Kikubaaqudgha
Makhleb
Nemelex Xobeh
Okawaru
Qazlal
Ru
Sif Muna
Trog
Uskayaw
Vehumet
Xom
Yredelemnul
Zin
The Shining One
Jiyva

Annotations:
D:3 1 runed door, Grinder
D:4 Jarno's ghost, amateur SpWr
Lair:2 exclusion: oklob plant
Lair:5 exclusion: oklob plant


Message History

The death knight reflects your damage back at you!
The wraith completely misses you.
The death knight calls down the wrath of Yredelemnul upon you.
Your body is wracked with pain!
* * * LOW HITPOINT WARNING * * *
You are too injured to fight recklessly!
You are too injured to fight recklessly!
Your plate armour prevents you from hitting the death knight.
The death knight is almost dead.
You hit the wraith but do no damage. The wraith closely misses you.
The death knight hits you with an enchanted battleaxe!!
* * * LOW HITPOINT WARNING * * *
You slash the death knight! You freeze the death knight.
You kill the death knight!
Qazlal accepts your kill.
You slash the wraith!
You destroy the wraith!
Qazlal accepts your kill.
Your damage is reflected back at you!
You die...

.............#....#
.....W...##..#...#
#.......#)..#
#####....)..#
###...[.#.#
#.........#
#.........#
#...§)§...#
#.....@...#
#...§.§>#.....
#....§########
#.....# #.....#
#.....# #.....#
######


There were no monsters in sight!

Vanquished Creatures
  3 hydras
  A death knight (D:11)
  Urug (Lair:3)
  5 death yaks
  Nergalle (Lair:4)
  An unseen horror (D:10)
  The ghost of herpmino the Shield-Bearer, a novice OpAE of Gozag (D:7)
  Pikel (D:5)
  2 hill giants
  4 black mambas
  A manticore (Lair:3)
  A torpor snail (Lair:6)
  11 spiny frogs
  5 rime drakes
  A freezing wraith (D:11)
  A komodo dragon (Lair:1)
  3 polar bears
  5 hornets
  A troll (D:10)
  5 hippogriffs
  4 dream sheep (Lair:6)
  13 spriggans (Lair:6)
  A redback (Lair:6)
  39 yaks
  A fire elemental (Lair:4)
  3 wraiths
  4 fire bats (Lair:5)
  A wyvern (Lair:4)
  Grum (D:8)
  2 hungry ghosts (D:10)
  A basilisk (Lair:1)
  A steam dragon (D:10)
  Menkaure (Ossuary)
  9 water moccasins
  5 porcupines
  A necrophage (D:11)
  6 orc warriors
  3 ice beasts
  6 black bears
  An ogre (D:5)
  4 phantoms
  29 wolves
  2 boggarts (Lair:6)
  5 centaurs
  13 crocodiles
  3 big kobolds
  18 bullfrogs
  2 scorpions
  A wyvern skeleton (D:8)
  9 killer bees (D:10)
  4 howler monkeys
  3 wights (D:8)
  2 vampire bats (D:5)
  An electric eel (D:10)
  4 crimson imps
  A bullfrog zombie (D:10)
  A centaur skeleton (D:11)
  10 hounds
  A bullfrog skeleton (D:5)
  3 orc priests
  9 orc wizards
  3 iguanas
  2 worker ants (D:5)
  A killer bee zombie (D:8)
  3 hound zombies
  2 hound skeletons
  3 mummies
  2 howler monkey zombies
  3 worker ant zombies
  11 adders
  A gnoll (D:1)
  4 river rats (D:9)
  A shadow imp (D:7)
  3 adder zombies
  An ooze (D:3)
  An adder skeleton (D:4)
  8 worms
  3 dart slugs
  5 leopard geckos
  36 orcs
  3 giant cockroaches
  4 gnoll zombies (Ossuary)
  8 goblins
  6 hobgoblins
  2 jackals (D:1)
  18 kobolds
  3 quokkas
  2 ball pythons
  18 bats
  3 frilled lizards
  4 gnoll skeletons (Ossuary)
  2 goblin skeletons (Ossuary)
  A goblin zombie (Ossuary)
  3 hobgoblin skeletons (Ossuary)
  4 hobgoblin zombies (Ossuary)
  A jackal skeleton (D:3)
  3 kobold skeletons (Ossuary)
  5 kobold zombies
  2 orc skeletons (Ossuary)
  3 orc zombies (Ossuary)
  2 quokka zombies
  15 rats
  A rat skeleton (Ossuary)
  A rat zombie (Ossuary)
  29 fungi
  13 plants
531 creatures vanquished.

Vanquished Creatures (collateral kills)
  Harold (Lair:3)
  2 hydras (Lair:2)
  A hill giant (D:10)
  A yak (Lair:2)
  An orc (D:10)
6 creatures vanquished.

Vanquished Creatures (others)
  A mummy (Ossuary)
  An adder (D:5)
  A gnoll zombie (Ossuary)
  2 gnoll skeletons (Ossuary)
  A goblin skeleton (Ossuary)
  3 goblin zombies (Ossuary)
  3 hobgoblin skeletons (Ossuary)
  2 orc skeletons (Ossuary)
  3 orc zombies (Ossuary)
  2 rat skeletons (Ossuary)
  3 rat zombies (Ossuary)
  A bush (Lair:3)
  A fire vortex (Lair:5)
  5 fungi
  3 plants
32 creatures vanquished.

Grand Total: 569 creatures vanquished

Notes
Turn   | Place    | Note
-------+----------+-------------------------------------------
     0 | D:1      | Lochraine the Hill Orc Fighter began the quest for the Orb.
     0 | D:1      | Reached XP level 1. HP: 19/19 MP: 1/1
   269 | D:1      | Reached XP level 2. HP: 24/27 MP: 2/2
   476 | D:1      | Reached XP level 3. HP: 16/33 MP: 3/3
  1671 | D:2      | Reached XP level 4. HP: 30/40 MP: 4/4
  1784 | D:2      | HP: 2/40 [poisoned by an adder]
  1792 | D:2      | HP: 1/40 [poisoned by an adder]
  2443 | D:2      | Reached skill level 5 in Axes
  2860 | D:3      | Reached XP level 5. HP: 46/46 MP: 5/5
  2953 | D:3      | Found a runed door.
  2953 | D:3      | Noticed a human
  3053 | D:3      | Noticed Grinder
  3061 | D:3      | Paralysed by Grinder for 7 turns
  3295 | D:3      | Found a faded altar of an unknown god.
  3370 | D:4      | Found a staircase to the Ecumenical Temple.
  3381 | D:4      | Noticed Jarno's ghost (amateur SpWr)
  3382 | Temple   | Entered the Ecumenical Temple
  3397 | Temple   | Became a worshipper of Qazlal Stormbringer
  3506 | D:4      | You fall through a shaft!
  3506 | D:5      | Entered Level 5 of the Dungeon
  3672 | D:4      | Noticed a phantom
  3856 | D:5      | Reached skill level 1 in Invocations
  3856 | D:5      | Reached XP level 6. HP: 44/53 MP: 6/6
  4398 | D:5      | Reached skill level 1 in Short Blades
  4398 | D:5      | Reached skill level 2 in Invocations
  4516 | D:5      | Reached XP level 7. HP: 55/60 MP: 7/9
  4596 | D:5      | Reached skill level 3 in Invocations
  4684 | D:5      | Noticed Pikel
  4716 | D:5      | Killed Pikel
  4716 | D:5      | Reached skill level 5 in Short Blades
  4716 | D:5      | Reached skill level 5 in Invocations
  4716 | D:5      | Reached XP level 8. HP: 64/67 MP: 9/11
  4928 | D:6      | Reached skill level 6 in Invocations
  4938 | D:6      | Reached * piety under Qazlal
  4964 | D:6      | Found a sand-covered staircase.
  5008 | Ossuary  | Entered an ossuary
  5182 | Ossuary  | Reached ** piety under Qazlal
  5267 | Ossuary  | Noticed Menkaure
  5269 | Ossuary  | Killed Menkaure
  5383 | D:6      | Reached XP level 9. HP: 70/73 MP: 14/14
  5459 | D:6      | Reached skill level 7 in Invocations
  5505 | D:6      | Found a glowing golden altar of the Shining One.
  5863 | D:7      | Found a white marble altar of Elyvilon.
  5969 | D:7      | Reached skill level 8 in Invocations
  6324 | D:7      | Reached *** piety under Qazlal
  6497 | D:7      | Noticed herpmino's ghost (novice OpAE)
  6519 | D:7      | Killed herpmino's ghost
  6519 | D:7      | Reached skill level 9 in Invocations
  6708 | D:7      | Reached skill level 5 in Fighting
  6719 | D:7      | Reached XP level 10. HP: 40/81 MP: 16/16
  6887 | D:8      | Noticed a hill giant
  6901 | D:8      | Killed a hill giant
  6908 | D:8      | Reached skill level 10 in Invocations
  6915 | D:8      | Noticed Grum
  6920 | D:8      | Killed Grum
  7061 | D:8      | Found a snail-covered altar of Cheibriados.
  8055 | D:9      | Reached skill level 11 in Invocations
  8152 | D:9      | Found a burning altar of Makhleb.
  8155 | D:9      | Noticed a cacodemon
  8177 | D:9      | Found a glowing silver altar of Zin.
  8177 | D:9      | Noticed an angel
  8267 | D:9      | Reached **** piety under Qazlal
  8469 | D:9      | Found a staircase to the Lair.
  8765 | D:9      | Found a hazy altar of Hepliaklqana.
  8765 | D:9      | Found a faded altar of an unknown god.
  8770 | D:9      | Found a faded altar of an unknown god.
  8772 | D:9      | Found a faded altar of an unknown god.
  8773 | D:9      | Found a faded altar of an unknown god.
  8887 | D:9      | Paralysed by a hornet for 2 turns
  8904 | D:9      | HP: 4/90 [poisoned by a hornet]
  8911 | D:9      | HP: 3/90 [poisoned by a hornet]
  8918 | D:9      | HP: 3/90 [poisoned by a hornet]
  8926 | D:9      | HP: 3/90 [poisoned by a hornet]
  9407 | D:9      | Reached skill level 12 in Invocations
  9407 | D:9      | Reached XP level 11. HP: 80/97 MP: 18/20
  9554 | D:9      | Found a deep blue altar of Sif Muna.
  9705 | D:9      | Found a blossoming altar of Fedhas.
  9706 | D:9      | Found a bloodstained altar of Trog.
  9742 | D:10     | Entered Level 10 of the Dungeon
 10040 | D:10     | Noticed a hill giant
 10050 | D:10     | Killed a hill giant
 10349 | D:10     | Killed an unseen horror
 10464 | D:10     | Noticed a hill giant
 10624 | Lair:1   | Entered Level 1 of the Lair of Beasts
 11032 | Lair:1   | Reached skill level 10 in Axes
 11297 | Lair:1   | Reached skill level 13 in Invocations
 11441 | Lair:1   | Reached skill level 5 in Armour
 12407 | Lair:2   | Noticed an oklob plant
 12425 | Lair:2   | Noticed an eight-headed hydra
 12439 | Lair:2   | Killed an eight-headed hydra
 12439 | Lair:2   | Reached XP level 12. HP: 104/104 MP: 16/22
 12452 | Lair:2   | Reached skill level 14 in Invocations
 12527 | Lair:2   | Noticed a five-headed hydra
 12548 | Lair:2   | Killed a five-headed hydra
 12640 | Lair:2   | Found a hole to the Spider Nest.
 13491 | Lair:3   | Noticed a seven-headed hydra
 13499 | Lair:3   | Killed a seven-headed hydra
 13589 | Lair:3   | Noticed Urug
 13618 | Lair:3   | Reached skill level 15 in Invocations
 13674 | Lair:3   | Killed Urug
 13916 | Lair:3   | Noticed Harold
 14250 | Lair:3   | Killed Harold
 14354 | Lair:3   | Found a staircase to the Shoals.
 14879 | Lair:4   | Identified 2 scrolls of acquirement
 14880 | Lair:4   | Got an encrusted quick blade
 14889 | Lair:4   | Identified the +2 quick blade "Imp's Foe" {antimagic, *Rage +Blink rN++ Str+4} (You acquired it on level 4 of the Lair of Beasts)
 14980 | Lair:4   | Noticed Nergalle
 15001 | Lair:4   | Killed Nergalle
 16254 | Lair:5   | Reached skill level 16 in Invocations
 16526 | Lair:4   | Noticed a four-headed hydra
 16541 | Lair:4   | Killed a four-headed hydra
 16541 | Lair:4   | Reached XP level 13. HP: 91/111 MP: 25/25
 16645 | Lair:5   | Found a staircase to the Slime Pits.
 16645 | Lair:5   | Found a viscous altar of Jiyva.
 17879 | Lair:6   | Entered Level 6 of the Lair of Beasts
 18696 | Lair:5   | Reached skill level 17 in Invocations
 19553 | Lair:6   | Reached skill level 15 in Axes
 19603 | Lair:6   | Reached XP level 14. HP: 97/118 MP: 26/26
 20578 | D:10     | Reached ***** piety under Qazlal
 21161 | D:11     | Reached skill level 18 in Invocations
 21163 | D:11     | Killed by mirror damage

Skill      XL: |  1  2  3  4  5  6  7  8  9 10 11 12 13 14 |
---------------+-------------------------------------------+-----
Axes           | 3 4 5 6 10 11 15 | 15.8
Fighting       | 4 5 9 |  9.3
Shields        | 4 |  4.3
Armour         | 4 6 9 |  9.2
Invocations    | 1 2 5 6 9 12 13 16 17 18 | 18.0
Short Blades   | 2 5 7 9 |  9.7
Dodging        | |  0.4

Action                   |  1- 3 |  4- 6 |  7- 9 | 10-12 | 13-15 || total
-------------------------+-------+-------+-------+-------+-------++-------
Melee: War axe           |   128 |   179 |    31 |   391 |   161 ||   890
       Dagger            |       |    47 |   453 |   881 |   410 ||  1791
       Short sword       |       |       |    70 |       |       ||    70
       Battleaxe         |       |       |       |       |   160 ||   160
       Quick blade       |       |       |       |       |     6 ||     6
Invok: Upheaval          |       |       |     3 |    10 |     3 ||    16
       Elemental Force   |       |       |       |     4 |     1 ||     5
Evoke: Wand              |       |       |       |    16 |     7 ||    23
  Use: Potion            |       |     4 |       |     2 |     3 ||     9
       Scroll            |       |     4 |     6 |    18 |     4 ||    32
  Eat: Chunk             |     3 |     9 |     3 |    23 |    12 ||    50
       Meat ration       |       |     1 |       |     3 |       ||     4
       Bread ration      |       |       |     2 |     1 |       ||     3
       Beef jerky        |       |       |       |     2 |       ||     2
       Royal jelly       |       |       |       |       |     1 ||     1
       Pizza             |       |       |       |       |     1 ||     1
Armor: Scale mail        |    22 |       |       |       |       ||    22
       Leather armour    |    28 |    42 |       |       |       ||    70
       Plate armour      |       |    71 |   216 |   486 |   353 ||  1126
Dodge: Dodged            |    28 |    59 |    58 |   122 |   110 ||   377
       Deflected         |       |       |       |     3 |     2 ||     5
Block: Shield            |    65 |   119 |   214 |   713 |   360 ||  1471
       Other             |       |       |       |       |    33 ||    33
